 Seeded DCSS version 0.27.1-34-g3ba077fa99 (webtiles) character file.

Game seed: 8840528127268114696 (custom seed)

42 voltaire321 the Stinger (level 3, 0/23 HPs)
             Began as an Octopode Venom Mage on Jan 19, 2022.
             Succumbed to an adder's poison
             ... on level 2 of the Dungeon.
             The game lasted 00:03:51 (1493 turns).

voltaire321 the Stinger (Octopode Venom Mage)       Turns: 1493, Time: 00:03:52

Health: 0/23       AC:  1    Str:  7    XL:     3   Next: 56%
Magic:  4/6        EV: 13    Int: 24    God:
Gold:   53         SH:  0    Dex: 12    Spells: 5/6 levels left

rFire    . . .     SeeInvis .   d - +0 short sword
rCold    . . .     Faith    .   (no shield)
rNeg     + . .     Spirit   .   (helmet restricted)
rPois    .         Reflect  .   (no amulet)
rElec    .         Harm     .   b - +6 ring of intelligence
rCorr    .         Rampage  .   c - ring of positive energy
Will     .....                  (no ring)
Stlth    +++.......             (no ring)
HPRegen  0.07/turn              (no ring)
MPRegen  0.10/turn              (no ring)
                                (no ring)
                                (no ring)

@: lethally poisoned (0 -> -2)
A: almost no armour, amphibious, 8 rings, camouflage 1, gelatinous body 1,
(nimble swimmer 1), tentacles
a: no special abilities


You were on level 2 of the Dungeon.
You visited 1 branch of the dungeon, and saw 2 of its levels.

You collected 53 gold pieces.

Inventory:

Hand Weapons
 d - a +0 short sword (weapon)
Jewellery
 b - a +6 ring of intelligence (left tentacle)
 c - a ring of positive energy (right tentacle)
 f - a ring of see invisible
Scrolls
 a - 3 scrolls of acquirement {unknown}
 e - 4 scrolls of identify {unknown}
 h - a scroll of holy word {unknown}
 j - a scroll of magic mapping {unknown}
Potions
 g - a potion of curing
 i - a potion of might {unknown}


   Skills:
 + Level 1.1 Fighting
 + Level 2.4 Dodging
 - Level 2.6 Stealth
 + Level 2.3 Spellcasting
 + Level 1.7 Transmutations
 + Level 4.0 Poison Magic


You had 5 spell levels left.
You knew the following spells:

 Your Spells              Type           Power      Damage    Failure   Level
a - Sting                 Tmut/Pois      64%        1d6       3%          1

Your spell library contained the following spells:

 Spells                   Type           Power      Damage    Failure   Level
 Poisonous Vapours        Pois/Air       24%        N/A       8%          2
 Mephitic Cloud           Conj/Pois/Air  9%         N/A       21%         3
 Olgreb's Toxic Radiance  Pois           22%        N/A       22%         4
 Call Canine Familiar     Summ           2%         N/A       34%         3
 Portal Projectile        Hex/Tloc       4%         N/A       34%         3
 Leda's Liquefaction      Hex/Erth       1%         N/A       75%         4


Dungeon Overview and Level Annotations

Branches:
Dungeon (2/15)

Altars:


Innate Abilities, Weirdness & Mutations

You cannot wear most types of armour.
You are amphibious.
You can wear up to eight rings at the same time.
Your skin changes colour to match your surroundings (Stealth+).
Your rubbery body absorbs attacks. (AC +1, EV +1)
((You are camouflaged near water. (Stealth+)))
You have tentacles for arms and can constrict up to eight enemies at once.


Message History

Unknown command.
Casting: Sting (safe; 3% risk of failure)
Confirm with . or Enter, or press ? or * to list all spells.
Aiming: Sting (safe; 3% risk of failure)
Press: ? - help, Shift-Dir - straight line, f - adder
Aim: an adder (asleep, 100% to hit)
The sting hits the adder.
The adder is poisoned.
The adder is moderately wounded.
You miss the adder. Your grab misses the adder.
The adder is moderately wounded.
The adder misses you.
You hit the adder. Your grab misses the adder.
The adder is heavily wounded.
The adder misses you. The adder bites you.
You barely miss the adder. Your grab misses the adder.
The adder is severely wounded.
The adder looks more healthy.
The adder bites you.
You closely miss the adder. Your grab misses the adder.
The adder is almost dead.
The adder bites you.
Casting: Sting (safe; 3% risk of failure)
Confirm with . or Enter, or press ? or * to list all spells.
Aiming: Sting (safe; 3% risk of failure)
Press: ? - help, Shift-Dir - straight line, f/p - adder
Aim: an adder (almost dead, 57% to hit)
The sting misses the adder.
The adder misses you. The adder bites you.
You are poisoned.
The adder poisons you!
Casting: Sting (safe; 3% risk of failure)
Confirm with . or Enter, or press ? or * to list all spells.
Aiming: Sting (safe; 3% risk of failure)
Press: ? - help, Shift-Dir - straight line, f/p - adder
Aim: an adder (almost dead, 57% to hit)
The sting misses the adder.
You feel sick. The adder bites you.
* * * LOW HITPOINT WARNING * * *
You closely miss the adder. Your grab misses the adder. You squeeze the adder.
You kill the adder!
* * * LOW HITPOINT WARNING * * *
You feel sick.
You die...

# .# ... #####.# =###..#
#.[...## #### .....####......#
##... #.#..... .......### #..##
. #. #...# #...<....# ##.## ..
#.##...###.........####..# ..
#.#.....##)@............###
#.#..............###........##
#..........#.<...# #...####...
#..........#.....###.#)#######
.$.#........#..................
#.(......#..#.#...#...######
#.....†..#.#.#.#..###.# #
..............#_#..####.######
#.###.....)...#.#.#......##...#


There were no monsters in sight!

Vanquished Creatures
  An adder (D:2)
  A worm (D:2)
  A dart slug (D:1)
  5 bats
  An endoplasm (D:1)
  3 goblins (D:1)
  2 hobgoblins (D:1)
  3 kobolds
  A quokka (D:2)
  6 ball pythons
  A frilled lizard (D:2)
  2 rats
27 creatures vanquished.

Notes
Turn   | Place    | Note
-------+----------+-------------------------------------------
     0 | D:1      | voltaire321 the Octopode Venom Mage began the quest for the
                  | Orb.
     0 | D:1      | Reached XP level 1. HP: 11/11 MP: 3/3
   390 | D:1      | Reached XP level 2. HP: 14/18 MP: 0/5
  1215 | D:2      | Reached XP level 3. HP: 22/22 MP: 6/6
  1370 | D:2      | Found a faded altar of an unknown god.
  1458 | D:2      | Reached skill level 1 in Fighting
  1458 | D:2      | Reached skill level 4 in Poison Magic
  1492 | D:2      | HP: 1/23 [poisoned by an adder]
  1493 | D:2      | Succumbed to an adder's poison

Illustrated notes

Levels and vault maps discovered:
D:1:      minmay_arrival_semitransparent, layout_basic
D:2:      layout_rooms, chequers_ecumenical_altar_simple_redux,
          minmay_liquid_box

Skill      XL: |  1  2  3 |
---------------+----------+-----
Fighting       | 1 |  1.1
Poison Magic   | 4 |  4.0
Dodging        | |  2.4
Stealth        | |  2.6
Spellcasting   | |  2.3
Transmutations | |  1.7

Action                   || total
-------------------------++-------
Melee: Short sword       ||    24
       Constrict         ||     4
       Unarmed           ||     1
       Tentacles         ||     3
 Cast: Sting             ||    34
 Stab: Sleeping          ||     2
Armor: Skin              ||     4
Dodge: Dodged            ||    21
